 Dungeon Crawl Stone Soup version 0.30-a0-738-g116ff8c4af (webtiles) character file.

Game seed: 13873018641059510968

33 mopl the Sneak (level 3, 0/18 HPs)
             Began as a Vine Stalker Brigand on Feb 3, 2023.
             Slain by a hobgoblin (1 damage)
             ... on level 2 of the Dungeon.
             The game lasted 00:01:06 (830 turns).

mopl the Sneak (Vine Stalker Brigand)                Turns: 830, Time: 00:01:07

Health: 0/18       AC:  3    Str: 13    XL:     3   Next: 29%
Magic:  0/4        EV: 11    Int: 11    God:
Gold:   47         SH:  0    Dex: 17    Spells: 2/2 levels left

rFire   . . .      SeeInvis .    a - +2 dagger
rCold   + . .      Faith    .    (no shield)
rNeg    . . .      Spirit   +    b - +0 robe
rPois   .          Reflect  .    (no helmet)
rElec   .          Harm     .    c - +0 cloak
rCorr   .          Rampage  .    (no gloves)
Will    .....                    (no boots)
Stlth   +++                      (no amulet)
HPRegen 0.23/turn                f - ring of protection from cold
MPRegen 0.09/turn                (no ring)

@: no status effects
A: fangs 2, magic shield, antimagic bite, no potion heal 2
a: no special abilities


You were on level 2 of the Dungeon.
You visited 1 branch of the dungeon, and saw 2 of its levels.

You collected 47 gold pieces.

Inventory:

Hand Weapons
 a - a +2 dagger (weapon)
Missiles
 d - 9 poisoned darts (quivered)
 e - 3 curare-tipped darts
 h - 5 javelins
Armour
 b - a +0 robe (worn)
 c - a +0 cloak (worn)
Jewellery
 f - a ring of protection from cold (left hand)
Scrolls
 g - a scroll of enchant weapon {unknown}
 k - 2 scrolls of identify {unknown}
 l - a scroll of fog {unknown}
 m - a scroll of vulnerability {unknown}
 p - a scroll of silence {unknown}
Potions
 i - 3 potions of attraction {unknown}
 j - a potion of brilliance {unknown}
 n - a potion of heal wounds {unknown}
 o - a potion of mutation {unknown}


   Skills:
 - Level 1.7 Fighting
 + Level 2.3 Short Blades
 + Level 2.3 Throwing
 - Level 0.7 Dodging
 + Level 5.3 Stealth


You had 2 spell levels left.
You didn't know any spells.
Your spell library contained the following spells:

 Spells                   Type           Power      Damage    Failure   Level
 Summon Guardian Golem    Hex/Summ       0%         N/A       71%         3
 Orb of Destruction       Conj           0%         9d5       100%        7
 Spellforged Servitor     Conj/Summ      0%         N/A       100%        7


Dungeon Overview and Level Annotations

Branches:
Dungeon (2/15)

Altars:


Innate Abilities, Weirdness & Mutations

You have extremely sharp teeth.
When hurt, damage is shared between your health and your magic reserves.
Your bite disrupts and absorbs the magic of your enemies.
Potions cannot restore your health.


Message History

The adder is heavily wounded.
The hobgoblin barely misses you. The adder closely misses you.
You closely miss the adder. Your bite misses the adder.
The adder is heavily wounded.
The adder bites you. The hobgoblin hits you.
A frilled lizard comes into view.
You hit the adder.
The adder is severely wounded.
The adder barely misses you. The hobgoblin closely misses you.
You miss the adder.
The adder is severely wounded.
The adder closely misses you. The hobgoblin hits you.
You hit the adder.
The adder is severely wounded.
The adder bites you but does no damage.
The gnoll hits you from afar with a +0 spear.
The hobgoblin hits you. The adder bites you.
* * * LOW HITPOINT WARNING * * *
You are too injured to fight recklessly!
You are too injured to fight recklessly!
You are too injured to fight recklessly!
You are too injured to fight recklessly!
You are too injured to fight recklessly!
You are too injured to fight recklessly!
You are too injured to fight recklessly!
You are too injured to fight recklessly!
You are too injured to fight recklessly!
You are too injured to fight recklessly!
You are too injured to fight recklessly!
You are too injured to fight recklessly!
You are too injured to fight recklessly!
You are too injured to fight recklessly!
The adder attacks as you move away! The adder bites you.
* * * LOW HITPOINT WARNING * * *
The adder attacks as you move away! The adder bites you but does no damage.
You hit the adder.
You kill the adder!
The endoplasm jiggles.
The hobgoblin attacks as you move away! The hobgoblin hits you.
You die...

#... . #.. .## ######.. ...
#... ..# #.# ##.# #.#
#..##########.)####.####
...##.l.[..................
.......l######.#######.####
......#.gg@............##
#.### #####...#######...###
##..### #..#...# #..##
#.####.. #......# #. ##.
###..#.# #. ## #..# .# #.
#..# .. #.# ###


You could see a gnoll, a hobgoblin and a frilled lizard.

Vanquished Creatures
  An adder (D:2)
  A dart slug (D:1)
  A bat (D:1)
  2 giant cockroaches (D:1)
  3 goblins
  A hobgoblin (D:1)
  A kobold (D:1)
  3 quokkas (D:1)
  5 ball pythons (D:1)
  2 frilled lizards (D:1)
  A rat (D:1)
21 creatures vanquished.

Notes
Turn   | Place    | Note
-------+----------+-------------------------------------------
     0 | D:1      | mopl the Vine Stalker Brigand began the quest for the Orb.
     0 | D:1      | Reached XP level 1. HP: 11/11 MP: 2/2
   114 | D:1      | Reached skill level 2 in Short Blades
   114 | D:1      | Reached skill level 2 in Throwing
   114 | D:1      | Reached skill level 5 in Stealth
   155 | D:1      | Reached XP level 2. HP: 15/15 MP: 3/3
   193 | D:1      | Found a faded altar of an unknown god.
   751 | D:2      | Reached XP level 3. HP: 18/18 MP: 4/4
   830 | D:2      | Slain by a hobgoblin

Illustrated notes

Levels and vault maps discovered:
D:1:      minmay_arrival_stone_box, layout_loops_ring,
          ebering_ecumenical_altar_ruins
D:2:      layout_rooms, serial_shops, shop

Skill      XL: |  1 |
---------------+----+-----
Short Blades   | 2 |  2.3
Throwing       | 2 |  2.3
Stealth        | 5 |  5.3
Fighting       | |  1.7
Dodging        | |  0.7

Action                     || total
---------------------------++-------
  Melee: Dagger            ||    46
         Bite              ||     6
         Punch             ||     1
   Stab: Sleeping          ||     7
 Armour: Robe              ||    11
  Dodge: Dodged            ||    24

Table legend: (Time is in decaauts)
 A = Elapsed time spent in this place.
 B = Non-inter-level travel time spent in this place.
 C = Inter-level travel time spent in this place.
 D = Time resting spent in this place.
 E = Time spent auto-exploring this place.
 F = Levels seen in this place.
 G = Mean time per level.
                   A        B        C        D        E       F      G
               +--------+--------+--------+--------+--------+-----+--------+
         Total |    824 |    792 |     32 |      0 |    640 |   2 |  412.0 |
       Dungeon |    824 |    792 |     32 |      0 |    640 |   2 |  412.0 |
               +--------+--------+--------+--------+--------+-----+--------+

Top non-repeatable levels by time:
     D:1: 745 daAuts
     D:2: 79 daAuts
